 Dungeon Crawl Stone Soup version 0.32-a0-471-gb91d5d9764 (webtiles) character file.

Game seed: 2726139777197428095

11 Goblin1989 the Sneak (level 2, -2/24 HPs)
             Began as a Demonspawn Delver on Feb 25, 2024.
             Killed from afar by an orc wizard (11 damage)
             ... with a magic dart
             ... on level 3 of the Dungeon.
             The game lasted 00:02:16 (199 turns).

Goblin1989 the Sneak (Demonspawn Delver)             Turns: 199, Time: 00:02:17

Health: -2/24      AC:  3    Str: 12    XL:     2   Next: 17%
Magic:  2/2        EV: 11    Int: 10    God:
Gold:   12         SH:  0    Dex: 14    Spells: 1/1 levels left

rFire   . . .        a - +0 short sword
rCold   . . .        (no shield)
rNeg    . . .        b - +0 leather armour
rPois   .            (no helmet)
rElec   .            (no cloak)
rCorr   .            (no gloves)
SInv    .            (no boots)
Will    +....        (no amulet)
Stlth   +++          (no ring)
HPRegen 0.24/turn    (no ring)
MPRegen 0.08/turn

%: no passive effects
@: enlightened, flying
A: ignite blood 1
a: no special abilities


You were on level 3 of the Dungeon.
You visited 1 branch of the dungeon, and saw 3 of its levels.

You collected 12 gold pieces.

Inventory:

Hand Weapons
 a - a +0 short sword (weapon)
Armour
 b - a +0 leather armour (worn)
 i - a +0 plate armour
Wands
 g - a wand of digging (2) {@v3}
Scrolls
 c - a scroll of fog
 j - a scroll of fear
Potions
 f - a potion of haste {@q3,}
 h - a potion of magic


   Skills:
 - Level 3.0 Fighting
 + Level 2.2 Short Blades
 - Level 1.7 Dodging
 + Level 4.8 Stealth


You had one spell level left.
You didn't know any spells.
Your spell library was empty.

Dungeon Overview and Level Annotations

Branches:
Dungeon (5/15) Zot: 17803
 Temple: D:4-7

Altars:


Innate Abilities, Weirdness & Mutations

Your demonic aura sometimes causes spilled blood to erupt in flames.


Message History

You hit the goblin.
You kill the goblin!
Your Short Blades skill increases to level 2!
Things that are here:
a +0 club; a goblin corpse; a giant cockroach corpse
Found a scroll of fear.
Found a sedimented grey potion.
Found 21 gold pieces.
Found a scroll labelled XUTHRI KULLEE.
j - a scroll of fear
k - a sedimented grey potion You now have 12 gold pieces.
There is a stone staircase leading up here.
You climb upwards.
There is a stone staircase leading down here.
A rat comes into view.
The rat squeaks loudly.
The rat bites you.
You take 3 damage, and have 15/18 hp.
You hit the rat.
You kill the rat!
You see here a rat corpse.
An orc comes into view. It is wielding a +0 hand axe.
Found a metallic green potion.
The orc shouts!
You hear a shout!
An orc comes into view. It is wielding a +0 flail.
An orc comes into view. It is wielding a +0 dagger.
You see here a rat corpse.
Health restored: 18 You barely miss the orc.
The orc hits you with a +0 hand axe.
You take 3 damage, and have 15/18 hp.
You hit the orc.
The orc is heavily wounded.
You closely miss the orc.
The orc is heavily wounded.
The orc hits you with a +0 hand axe.
You hit the orc.
The orc is severely wounded.
The orc closely misses you.
You hit the orc.
The orc is almost dead.
The orc barely misses you.
An orc wizard comes into view. It is wielding a +0 dagger.
You hit the orc.
You kill the orc!
You hit the orc.
The orc is severely wounded.
The orc closely misses you.
You hit the orc but do no damage.
The orc is severely wounded.
The orc hits you with a +0 flail!
* * * LOW HITPOINT WARNING * * *
You take 7 damage, and have 8/18 hp.
MASSIVE DAMAGE!!
You hit the orc.
You kill the orc!
You have reached level 2!
Your demonic ancestry asserts itself...
Your blood heats up.
You regained 3 hp, and now have 11/24 hp.
MP restored: 2 It was a potion of magic.
Magic courses through your body. The orc hits you but does no damage.
You are too injured to fight recklessly!
Unknown command.
It was a potion of enlightenment.
You feel very buoyant.
You fly up into the air.
The orc wizard gestures wildly while chanting.
The orc wizard flickers and vanishes!
Deactivating autopickup; reactivate with Ctrl-A.
The orc barely misses you.
You barely miss the orc. You hit the orc but do no damage.
The orc barely misses you.
You hit the orc.
The orc is lightly wounded.
The orc is engulfed in blazing flames.
You kill the orc!
Something hits you but does no damage.
Items here: ))) [[ †.
You hit something.
You hear some strange, mumbled words.
A puff of flame appears from out of thin air!
The puff of flame hits you.
* * * LOW HITPOINT WARNING * * *
You take 3 damage, and have 9/24 hp.
You hit something.
You hear some strange, mumbled words.
Something tries to affect you, but you resist.
You hit something. Something hits you.
* * * LOW HITPOINT WARNING * * *
You take 1 damage, and have 8/24 hp.
You hit something. Something hits you but does no damage.
You hit something. Something hits you but does no damage.
You hit something. Something hits you but does no damage.
You barely miss something. You closely miss something.
You hear some strange, mumbled words.
A magic dart appears from out of thin air!
The magic dart hits you!
You die...

█.██...██.█ .
█.^.......███ .██ █
████......... ... .█
██.██████. ...████ ███.
█.█ ...... █.. █.█ .....█
█.█ █.█
.....████████.█████████.█
......o.†......{@.......█
....█.████....███████████
█...█.█ █.█.█.█
█...█.██.██.█..█
█...█.█.. .......
........ ██.█..███
█....... ..█.██ █.█ .█..█


There were no monsters in sight!

Vanquished Creatures
  4 orcs
  A giant cockroach (D:4)
  A goblin (D:4)
  A rat (D:3)
7 creatures vanquished.

Notes
Turn   | Place    | Note
-------+----------+-------------------------------------------
     0 | D:5      | Goblin1989 the Demonspawn Delver began the quest for the
                  | Orb.
     0 | D:5      | Reached XP level 1. HP: 18/18 MP: 1/1
    54 | D:5      | Noticed an ogre
   181 | D:3      | Noticed an orc wizard
   186 | D:3      | Gained mutation: Your demonic aura sometimes causes spilled
                  | blood to erupt in flames. [demonic ancestry]
   186 | D:3      | Reached XP level 2. HP: 11/24 MP: 2/2
   199 | D:3      | Killed from afar by an orc wizard

Illustrated notes

Levels and vault maps discovered:
D:3:      layout_loops_ring, minmay_randomly_rotated_circles
D:4:      layout_rooms, lemuel_doored_altar, temple_doors_e, uniq_duvessa
D:5:      layout_loops_cross, mainiacjoe_overflow_alcove_4

Skill      XL: |  1 |
---------------+----+-----
Short Blades   | 2 |  2.2
Fighting       | |  3.0
Dodging        | |  1.7
Stealth        | |  4.8

Action                     || total
---------------------------++-------
  Melee: Short sword       ||    30
  Evoke: Wand              ||     1
    Use: Scroll            ||     2
         Potion            ||     2
 Armour: Leather armour    ||    14
  Dodge: Dodged            ||     9

Table legend: (Time is in decaauts)
 A = Elapsed time spent in this place.
 B = Non-inter-level travel time spent in this place.
 C = Inter-level travel time spent in this place.
 D = Time resting spent in this place.
 E = Time spent auto-exploring this place.
 F = Levels seen in this place.
 G = Mean time per level.
                   A        B        C        D        E       F      G
               +--------+--------+--------+--------+--------+-----+--------+
         Total |    195 |    195 |      0 |     11 |      0 |   3 |   65.0 |
       Dungeon |    195 |    195 |      0 |     11 |      0 |   3 |   65.0 |
               +--------+--------+--------+--------+--------+-----+--------+

Top non-repeatable levels by time:
     D:5: 80 daAuts
     D:3: 76 daAuts
     D:4: 38 daAuts
